 Dungeon Crawl Stone Soup version 0.21-a0-578-gc6e9d75 (webtiles) character file.

22 Lanoc the Digger (level 2, -2/15 HPs)
             Began as a Gargoyle Earth Elementalist on Dec 18, 2017.
             Slain by a hobgoblin (4 damage)
             ... on level 2 of the Dungeon.
             The game lasted 00:03:56 (1150 turns).

Lanoc the Digger (Gargoyle Earth Elementalist)      Turns: 1150, Time: 00:03:57

Health: -2/15      AC:  5    Str: 11    XL:     2   Next: 91%
Magic:  3/5        EV: 11    Int: 15    God:
Gold:   14         SH:  0    Dex: 10    Spells: 2/5 levels left

rFire    . . .     SeeInvis .   (no weapon)
rCold    . . .     Gourm    .   (no shield)
rNeg     + + .     Faith    .   a - +0 leather armour {rN+}
rPois    ∞         Spirit   .   (no helmet)
rElec    +         Reflect  .   (no cloak)
rCorr    .         Harm     .   (no gloves)
MR       .....                  (no boots)
Stlth    ++........             (no amulet)
HPRegen  0.05/turn              (no ring)
MPRegen  0.09/turn              (no ring)

@: no status effects
A: negative energy resistance 1, electricity resistance, unbreathing,
petrification resistance, rot immunity, AC +2
a: no special abilities


You were on level 2 of the Dungeon.
You were not hungry.

You visited 1 branch of the dungeon, and saw 2 of its levels.

You collected 14 gold pieces.

Inventory:

Missiles
 b - 39 stones (quivered)
Armour
 a - a +0 leather armour of positive energy (worn)
Scrolls
 g - 2 scrolls of remove curse {unknown}
 h - 2 scrolls of identify {unknown}
 l - a scroll of enchant weapon {unknown}
Potions
 c - a potion of degeneration {unknown}
 f - a potion of curing {unknown}
 i - a potion of haste {unknown}
 j - a potion of brilliance {unknown}
 k - a potion of resistance {unknown}
Books
 e - a book of Geomancy

   Spells                             Type                      Level
   a - Sandblast                      Earth                        1
   b - Passwall                       Transmutation/Earth          2
   c - Stone Arrow                    Conjuration/Earth            3
   d - Petrify                        Transmutation/Earth          4
   e - Lee's Rapid Deconstruction     Earth                        5
Comestibles
 d - 2 rations


   Skills:
 + Level 1.9 Dodging
 - Level 2.1 Stealth
 + Level 2.2 Spellcasting
 - Level 0.7 Transmutations
 * Level 4.3 Earth Magic


You had 2 spell levels left.
You knew the following spells:

 Your Spells              Type           Power        Failure   Level  Hunger
a - Sandblast             Erth           ##....       4%          1    #......
b - Passwall              Tmut/Erth      #.........   16%         2    ###....


Dungeon Overview and Level Annotations

Branches:
Dungeon (2/15)

Altars:
Vehumet


Innate Abilities, Weirdness & Mutations

You are resistant to torment.
Your stone body is resilient. (AC +2)
You are immune to poison.
You resist negative energy. (rN+)
You are resistant to electric shocks. (rElec)
You can survive without breathing.
You are immune to petrification.
You are immune to rotting.


Message History

The goblin is severely wounded.
The hobgoblin misses you. The goblin hits you with a club.
* * * LOW HITPOINT WARNING * * *
Casting: Sandblast
Confirm with . or Enter, or press ? or * to list all spells.
Aiming: Sandblast
Press: ? - help, Shift-Dir - straight line, f - hobgoblin
Aim: a hobgoblin The blast of sand hits the hobgoblin.
b - 40 stones The hobgoblin barely misses you.
Casting: Sandblast
Confirm with . or Enter, or press ? or * to list all spells.
Aiming: Sandblast
Press: ? - help, Shift-Dir - straight line, f/p - hobgoblin
Aim: a hobgoblin The blast of sand misses the hobgoblin.
b - 39 stones The goblin closely misses you.
The hobgoblin hits you.
You die...

#.....#
######.###.##
#......# ..#
#.####.###..#
#......#
###.#..# .
##.# ...
.%..###.(# #
......g@##
....##.g# .#
#..# #..#
.... .#..#
##..# #...


You could see a hobgoblin and a goblin.

Vanquished Creatures
  2 dart slugs (D:1)
  A leopard gecko (D:1)
  A ball python (D:1)
  3 giant cockroaches (D:1)
  A goblin (D:1)
  A hobgoblin (D:1)
  A bat (D:1)
  A frilled lizard (D:1)
  3 kobolds
  2 rats (D:1)
16 creatures vanquished.

Notes
Turn   | Place    | Note
-------+----------+-------------------------------------------
     0 | D:1      | Lanoc the Gargoyle Earth Elementalist began the quest for the Orb.
     0 | D:1      | Reached XP level 1. HP: 10/10 MP: 3/3
   251 | D:1      | Reached skill level 4 in Earth Magic
   251 | D:1      | Reached XP level 2. HP: 9/15 MP: 5/5
   286 | D:1      | Learned a level 2 spell: Passwall
  1104 | D:2      | Found a radiant altar of Vehumet.
  1150 | D:2      | Slain by a hobgoblin

Vault maps used:
D:1:      saegor_arrival_simple_d
D:2:      nicolae_overflow_hidden_temple, lemuel_crystal_altar,
          lemuel_crystal_altar, first_ration, uniq_jessica, uniq_robin,
          uniq_crazy_yiuf_cottage, uniq_terence, uniq_sigmund

Skill      XL: |  1 |
---------------+----+-----
Earth Magic    | 4 |  4.3
Dodging        | |  1.9
Stealth        | |  2.1
Spellcasting   | |  2.2
Transmutations | |  0.7

Action                   || total
-------------------------++-------
Melee: Unarmed           ||   118
 Cast: Sandblast         ||     8
 Stab: Sleeping          ||     2
  Eat: Chunk             ||     1
Armor: Robe              ||    10
       Leather armour    ||    29
Dodge: Dodged            ||    60

Table legend:
 A = Spawn XP
 B = Non-spawn XP
 C = Spawn XP percentage of total XP
 D = Spawn monster count
 E = Non-spawn monster count
 F = Spawn count percentage of total count
 G = Total turns spent on level
                    A         B        C        D         E        F      G
               +---------+---------+-------+---------+---------+-------+---------
         Total |       0 |      32 |   0.0 |       0 |      16 |   0.0 |  1150
               +---------+---------+-------+---------+---------+-------+---------
           D:1 |       0 |      30 |   0.0 |       0 |      15 |   0.0 |  1104
           D:2 |       0 |       2 |   0.0 |       0 |       1 |   0.0 |    46
               +---------+---------+-------+---------+---------+-------+---------
